 Dungeon Sprint DCSS version 0.19-a0-1882-gbb73ea0 (webtiles) character file.

561808 Loading the Ghoulish Catastrophe (level 23, -17/240 HPs)
             Began as a Ghoul Gladiator on Oct 14, 2016.
             Was an Elder of Qazlal.
             Killed from afar by a Brimstone Fiend (54 damage)
             ... with damnation
             ... summoned by Dispater
             ... in the Dungeon (Sprint IX: "|||||||||||||||||||||||||||||").
             The game lasted 00:45:48 (8752 turns).

Loading the Ghoulish Catastrophe (Ghoul Gladiator)  Turns: 8752, Time: 00:45:48

Health: -17/240    AC: 36    Str: 30    XL:     23   Next: 30%
Magic:  2/52       EV: 35    Int:  3    God:    Qazlal [****..]
Gold:   1352       SH:  5    Dex: 27    Spells: 0 memorised, 75 levels left

rFire  + . .     SeeInvis .     W - +9 lajatang (speed)
rCold  + + .     Gourm    .     Y - +0 gold dragon scales
rNeg   + + +     Faith    .     (shield currently unavailable)
rPois  ∞         Spirit   .     v - +0 helmet
rElec  .         Dismiss  .     X - +0 cloak {MR+}
rCorr  .         Reflect  .     J - +0 pair of gloves {Str+3}
MR     ++...     Harm     .     b - +1 pair of boots {Stlth+}
Stlth  +++....... NoTele   +    I - amulet of regeneration
                                F - +6 ring of dexterity
                                H - +2 ring of slaying

@: mighty, agile, very slightly contaminated, rotting, repel missiles
A: rotting body, claws 1, carnivore 3, cold resistance 1, negative energy
resistance 3, slow regeneration 1, torment resistance, unbreathing
a: Upheaval, Elemental Force, Renounce Religion
}: 9/15 runes: decaying, serpentine, barnacled, slimy, elven, silver, golden,
abyssal, gossamer


You were in the Dungeon.
You worshipped Qazlal.
Qazlal was greatly pleased with you.
You were not hungry.

You visited 1 branch You collected 1976 gold pieces.
You spent 624 gold pieces at shops.

Inventory:

Hand Weapons
 p - a +9 quarterstaff of speed
 W - a +9 lajatang of speed (weapon)
Missiles
 d - a throwing net (quivered)
Armour
 b - a +1 pair of boots of stealth (worn)
 v - a +0 helmet (worn)
 J - a +0 pair of gloves of strength (worn)
 X - a +0 cloak of magic resistance (worn)
 Y - +0 gold dragon scales (worn)
Jewellery
 a - a +6 ring of intelligence
 q - an uncursed ring of ice
 s - a +3 ring of dexterity
 t - a +2 ring of evasion
 y - an uncursed ring of protection from fire
 A - an uncursed ring of protection from magic
 F - a +6 ring of dexterity (right hand)
 G - a +6 ring of dexterity
 H - a +2 ring of slaying (left hand)
 I - an amulet of regeneration (around neck)
 K - the amulet of Gaaxapn {Dismiss rC+ MR- Int+4}
   (You found it in the Dungeon)

   [amulet of dismissal]

   It may teleport away creatures that harm you.
   It affects your intelligence (+4).
   It protects you from cold.
   It affects your resistance to hostile enchantments.
 O - an uncursed ring of stealth {unknown}
 R - an uncursed ring of positive energy {unknown}
 S - the amulet "Kemper" {RegenMP Str+4 Int+4}
   (You found it in the Dungeon)

   [amulet of magic regeneration]

   It increases your magic regeneration.
   It affects your strength (+4).
   It affects your intelligence (+4).
 T - the amulet "Loeder" {Harm *Drain +Inv rC++ Dex+4 Slay-3}
   (You found it in the Dungeon)

   [amulet of harm]

   It increases damage dealt and taken.
   It affects your dexterity (+4).
   It affects your accuracy and damage with ranged weapons and melee attacks
   (-3).
   It greatly protects you from cold.
   It lets you turn invisible.
   It causes draining when unequipped.
 U - the ring of Forram {+Fly Dex+3 SInv}
   (You found it in the Dungeon)

   [ring of see invisible]

   It affects your dexterity (+3).
   It lets you see invisible.
   It lets you fly.
 V - the ring of the Everdark {rN+++ AC+3 Int-5 Stlth+}
   (You found it in the Dungeon)

   [ring of protection]

   It affects your AC (+3).
   It affects your intelligence (-5).
   It renders you almost immune to negative energy.
   It makes you more stealthy.
Wands
 c - a wand of hasting (5/9)
 g - a wand of acid (5/15)
 o - a wand of lightning (7/15)
 Q - a wand of teleportation (4/9)
Scrolls
 k - 3 scrolls of blinking
 m - 6 scrolls of remove curse
 n - 2 scrolls of amnesia
 w - 5 scrolls of fear
 L - 2 scrolls of fog
 N - a scroll of immolation
Potions
 e - 2 potions of agility
 h - 6 potions of heal wounds
 i - 2 potions of magic
 j - 3 potions of berserk rage
 l - 7 potions of curing
 u - 2 potions of resistance
 x - a potion of lignification
 C - a potion of might
 E - a potion of degeneration
 P - a potion of cancellation
Miscellaneous
 B - the horn of Geryon
Comestibles
 f - 14 meat rations


   Skills:
 O Level 27 Fighting
 O Level 27 Staves
 - Level 1.7 Throwing
 O Level 27 Armour
 O Level 27 Dodging
 O Level 27 Stealth
 O Level 27 Unarmed Combat
 + Level 26.8 Spellcasting
 O Level 27 Invocations
 O Level 27 Evocations


You had 75 spell levels left.
You didn't know any spells.

Dungeon Overview and Level Annotations

Branches:
Dungeon (1/1)

Altars:
Cheibriados
Dithmenos
Elyvilon
Fedhas
Gozag
Hepliaklqana
Kikubaaqudgha
Makhleb
Nemelex Xobeh
Okawaru
Qazlal
Ru
Sif Muna
Trog
Uskayaw
Vehumet
Xom
Yredelemnul
Zin
The Shining One
Beogh
Jiyva
Lugonu

Shops:
D :!}[

Annotations:
D Dispater, Ereshkigal, Lom Lobon


Innate Abilities, Weirdness & Mutations

Your body is rotting away.
You thrive on raw meat.
You are immune to poison.
You have sharp fingernails.
You are carnivorous and can eat meat at any time.
Your flesh is cold resistant. (rC+)
You are immune to negative energy. (rN+++)
You regenerate slowly when monsters are visible.
You are immune to unholy pain and torment.
You can survive without breathing.


Message History

You feel much better.
Ereshkigal becomes audible again.
Dispater barely misses you.
The Brimstone Fiend is engulfed in freezing vapours.
You block the Brimstone Fiend's attack. The Brimstone Fiend barely misses you.
The Brimstone Fiend closely misses you.
You hit Dispater but do no damage.
Dispater is almost dead.
Unknown command.
You hit Dispater.
Dispater is almost dead.
Dispater gestures at you.
The sphere of damnation explodes!
The damnation engulfs you!
* * * LOW HITPOINT WARNING * * *
The damnation engulfs the Brimstone Fiend.
The Brimstone Fiend completely resists.
The damnation engulfs Dispater.
Dispater completely resists.
You feel much better.
Ereshkigal gestures.
The Brimstone Fiend gestures at you.
The sphere of damnation explodes!
The damnation engulfs you!
You die...

▓▓▓▓▓▓▓▓▓▓▓▓▓▓▓▓▓▓▓▓▓▓▓▓
........≈....§&1@&&1{.φ.
▓▓▓▓▓▓▓▓▓▓▓▓▓▓▓▓▓▓▓▓▓▓▓▓▓▓▓▓▓▓▓▓▓
.................................
▓▓▓▓▓▓▓▓▓▓▓▓▓▓▓▓▓▓▓▓▓▓▓▓▓▓▓▓▓▓▓▓▓
.........'...≈≈......)...[.).).'.
▓▓▓▓▓▓▓▓▓▓▓▓▓▓▓▓▓▓▓▓▓▓▓▓▓▓▓▓▓▓▓▓▓
.................................
▓▓▓▓▓▓▓▓▓▓▓▓▓▓▓▓▓▓▓▓▓▓▓▓▓▓▓▓▓▓▓▓▓
).))))[.........................'


You could see Dispater, Lom Lobon, Ereshkigal, a Tzitzimitl and a Brimstone
Fiend.

Vanquished Creatures
  Cerebov (D)
  the Royal Jelly (D)
  Asmodeus (D)
  Gloorx Vloq (D)
  5 ancient liches (D)
  4 orbs of fire (D)
  Mennas (D)
  Mara (D)
  Sojobo (D)
  7 greater mummies (D)
  Boris (D)
  Saint Roka (D)
  Xtahua (D)
  2 Killer Klowns (D)
  4 golden dragons (D)
  Geryon (D)
  A bone dragon (D)
  An electric golem (D)
  3 liches (D)
  6 tentacled monstrosities (D)
  28 Orb Guardians (D)
  4 quicksilver dragons (D)
  A deep elf blademaster (D)
  8 death cobs (D)
  A tentacled starspawn (D)
  6 acid blobs (D)
  13 sphinxes (D)
  7 shadow dragons (D)
  2 storm dragons (D)
  2 draconian monks (D)
  A revenant (D)
  2 tengu reavers (D)
  Donald (D)
  8 azure jellies (D)
  A daeva (D)
  A fire giant (D)
  10 nagarajas (D)
  4 frost giants (D)
  A ghost moth (D)
  Louise (D)
  2 vault wardens (D)
  A draconian scorcher (D)
  A draconian knight (D)
  A draconian annihilator (D)
  A draconian zealot (D)
  3 emperor scorpions (D)
  3 draconian shifters (D)
  An ironheart preserver (D)
  4 very ugly things (D)
  6 stone giants (D)
  2 green draconians (D)
  8 vampire knights (D)
  5 deep elf demonologists (D)
  A black draconian (D)
  3 mottled draconians (D)
  3 deep elf annihilators (D)
  Snorg (D)
  5 purple draconians (D)
  A red draconian (D)
  3 merfolk javelineers (D)
  4 ettins (D)
  2 mummy priests (D)
  4 deep elf death magi (D)
  5 merfolk impalers (D)
  4 ogre magi (D)
  2 great orbs of eyes (D)
  2 fire dragons (D)
  6 yaktaur captains (D)
  6 death oozes (D)
  A deep elf high priest (D)
  8 hydras (D)
  Harold (D)
  2 naga warriors (D)
  3 ice dragons (D)
  25 vault guards (D)
  A ghost crab (D)
  Erica (D)
  A centaur warrior (D)
  A merfolk avatar (D)
  An alligator (D)
  4 merfolk aquamancers (D)
  5 death yaks (D)
  3 deep troll earth magi (D)
  A death knight (D)
  A deep troll shaman (D)
  3 orc high priests (D)
  A shock serpent (shapeshifter) (D)
  2 tengu warriors (D)
  2 shock serpents (D)
  2 shadow wraiths (D)
  A wretched star (D)
  An unseen horror (D)
  2 sea snakes (D)
  A glowing orange brain (D)
  A naga ritualist (D)
  A wizard (D)
  5 ironbrand convokers (D)
  6 swamp dragons (D)
  A necromancer (D)
  2 deep elf magi (D)
  5 orc knights (D)
  A wolf spider (D)
  A manticore (D)
  3 ugly things (D)
  A cyclops (D)
  Maurice (D)
  13 moths of wrath (D)
  A guardian serpent (shapeshifter) (D)
  A vault sentinel (D)
  A water nymph (D)
  2 guardian serpents (D)
  Joseph (D)
  4 black mambas (D)
  A naga mage (D)
  Psyche (D)
  4 spiny frogs (D)
  A gargoyle (D)
  3 yaktaurs (D)
  3 komodo dragons (D)
  A tengu conjurer (D)
  A kobold demonologist (D)
  A rime drake (D)
  An efreet (D)
  2 freezing wraiths (D)
  A demonic crawler (D)
  19 guardian mummies (D)
  A wandering mushroom (D)
  3 jumping spiders (D)
  2 trolls (D)
  4 merfolk (D)
  A tyrant leech (D)
  A hornet (D)
  A hornet (shapeshifter) (D)
  A blink frog (D)
  11 spriggans (D)
  A shadow (D)
  5 redbacks (D)
  A tarantella (D)
  A basilisk (D)
  2 golden eyes (D)
  7 yaks (D)
  2 mottled dragons (D)
  3 vampire mosquitoes (D)
  A warg (D)
  A naga (D)
  2 water moccasins (D)
  A porcupine (D)
  A swamp drake (D)
  5 floating eyes (D)
  A sky beast (D)
  10 orc warriors (D)
  2 eyes of draining (D)
  A wolf (D)
  2 crocodiles (D)
  2 bullfrogs (D)
  A killer bee (D)
  A wight (D)
  A small abomination (D)
  3 hounds (D)
  A jelly (D)
  5 orc priests (D)
  An iguana (D)
  4 orc wizards (D)
  An adder (D)
  A shadow imp (D)
  An adder zombie (D)
  9 ball lightnings (D)
  An adder simulacrum (D)
  16 orcs (D)
  2 bats (D)
  A bat zombie (D)
  A goblin (D)
  A hobgoblin (D)
  A jackal (D)
  A ball python (D)
  A quokka zombie (D)
  A starspawn tentacle (D)
531 creatures vanquished.

Vanquished Creatures (others)
  Ilsuiw (D)
  A troll (D)
  4 ball lightnings (D)
6 creatures vanquished.

Grand Total: 537 creatures vanquished

Notes
Turn   | Place    | Note
-------+----------+-------------------------------------------
     0 | D        | Loading the Ghoul Gladiator began the quest for the Orb.
     0 | D        | Reached XP level 1. HP: 17/17 MP: 0/0
    28 | D        | Reached skill level 1 in Armour
   103 | D        | Noticed a hound
   103 | D        | Noticed a hound
   109 | D        | Reached XP level 2. HP: 21/25 MP: 1/1
   138 | D        | Reached XP level 3. HP: 25/33 MP: 2/2
   162 | D        | Reached skill level 5 in Staves
   162 | D        | Reached XP level 4. HP: 7/41 MP: 3/3
   193 | D        | Found a roughly hewn altar of Beogh.
   193 | D        | Found a snail-covered altar of Cheibriados.
   193 | D        | Found a shadowy altar of Dithmenos.
   193 | D        | Found a white marble altar of Elyvilon.
   193 | D        | Found a blossoming altar of Fedhas.
   193 | D        | Found an opulent altar of Gozag.
   194 | D        | Found a hazy altar of Hepliaklqana.
   195 | D        | Found a viscous altar of Jiyva.
   196 | D        | Found an ancient bone altar of Kikubaaqudgha.
   197 | D        | Found a corrupted altar of Lugonu.
   198 | D        | Found a burning altar of Makhleb.
   199 | D        | Found a sparkling altar of Nemelex Xobeh.
   200 | D        | Found an iron altar of Okawaru.
   201 | D        | Found a stormy altar of Qazlal.
   202 | D        | Found a sacrificial altar of Ru.
   203 | D        | Found a deep blue altar of Sif Muna.
   204 | D        | Found a bloodstained altar of Trog.
   205 | D        | Found a hide-covered altar of Uskayaw.
   206 | D        | Found a radiant altar of Vehumet.
   207 | D        | Found a shimmering altar of Xom.
   208 | D        | Found a basalt altar of Yredelemnul.
   209 | D        | Became a worshipper of Qazlal Stormbringer
   210 | D        | Found a glowing silver altar of Zin.
   211 | D        | Found a glowing golden altar of the Shining One.
   261 | D        | Noticed a yak
   261 | D        | Noticed a yak
   269 | D        | Killed a yak
   269 | D        | Reached skill level 5 in Fighting
   269 | D        | Reached skill level 5 in Dodging
   269 | D        | Reached XP level 5. HP: 41/48 MP: 3/7
   271 | D        | Reached skill level 5 in Invocations
   271 | D        | Reached XP level 6. HP: 48/57 MP: 3/8
   272 | D        | Reached * piety under Qazlal
   290 | D        | Killed a yak
   290 | D        | Reached skill level 5 in Armour
   299 | D        | Reached ** piety under Qazlal
   299 | D        | Reached XP level 7. HP: 47/64 MP: 5/11
   355 | D        | Noticed a yak
   355 | D        | Noticed a vampire mosquito
   355 | D        | Noticed a troll
   355 | D        | Noticed a deep elf mage
   355 | D        | Noticed a troll
   361 | D        | Killed a yak
   367 | D        | Killed a vampire mosquito
   369 | D        | Killed a troll
   369 | D        | Reached XP level 8. HP: 58/73 MP: 11/13
   380 | D        | Killed a deep elf mage
   380 | D        | Reached *** piety under Qazlal
   387 | D        | Killed a troll
   387 | D        | Reached skill level 10 in Staves
   387 | D        | Reached skill level 10 in Invocations
   599 | D        | Noticed a black mamba
   599 | D        | Noticed a rime drake
   599 | D        | Noticed a komodo dragon
   606 | D        | Reached XP level 9. HP: 82/82 MP: 15/15
   612 | D        | Killed a black mamba
   612 | D        | Reached **** piety under Qazlal
   614 | D        | Killed a rime drake
   620 | D        | Killed a komodo dragon
   626 | D        | Reached ***** piety under Qazlal
   681 | D        | Noticed a komodo dragon
   681 | D        | Noticed a spiny frog
   681 | D        | Noticed a spiny frog
   681 | D        | Noticed a spiny frog
   697 | D        | Killed a komodo dragon
   697 | D        | Reached XP level 10. HP: 90/93 MP: 13/18
   700 | D        | Killed a spiny frog
   700 | D        | Reached skill level 10 in Fighting
   705 | D        | Killed a spiny frog
   714 | D        | Killed a spiny frog
   737 | D        | Reached ****** piety under Qazlal
   851 | D        | Noticed a death yak
   851 | D        | Noticed a death yak
   851 | D        | Noticed a death yak
   851 | D        | Noticed a death yak
   851 | D        | Noticed a death yak
   861 | D        | Killed a death yak
   861 | D        | Killed a death yak
   861 | D        | Killed a death yak
   861 | D        | Reached XP level 11. HP: 71/102 MP: 11/20
   862 | D        | Killed a death yak
   878 | D        | Killed a death yak
   878 | D        | Reached skill level 10 in Dodging
  1009 | D        | Noticed Maurice
  1122 | D        | Noticed Psyche
  1130 | D        | Killed Psyche
  1254 | D        | Noticed an ettin
  1262 | D        | Killed an ettin
  1262 | D        | Reached skill level 10 in Armour
  1262 | D        | Reached skill level 15 in Invocations
  1351 | D        | Noticed an orc knight
  1355 | D        | Killed an orc knight
  1431 | D        | Found Tyoskeh's Book Emporium.
  1431 | D        | Noticed an orc high priest
  1431 | D        | Noticed an orc high priest
  1434 | D        | Killed an orc high priest
  1434 | D        | Killed an orc high priest
  1435 | D        | Found Movin's Distillery.
  1448 | D        | Noticed an orc knight
  1454 | D        | Noticed an orc high priest
  1457 | D        | Killed an orc high priest
  1463 | D        | Noticed an orc knight
  1466 | D        | Killed an orc knight
  1466 | D        | Reached XP level 12. HP: 47/113 MP: 11/23
  1521 | D        | Found Vatwadosch's Gadget Emporium.
  1528 | D        | Found Sityoh's Armour Shoppe.
  1562 | D        | Bought a +1 pair of boots of stealth for 214 gold pieces
  1562 | D        | Bought a +0 cloak for 58 gold pieces
  1566 | D        | Bought a potion of agility for 44 gold pieces
  1566 | D        | Bought a potion of haste for 110 gold pieces
  1566 | D        | Bought a potion of invisibility for 88 gold pieces
  1566 | D        | Bought a potion of agility for 44 gold pieces
  1566 | D        | Bought 2 potions of curing for 66 gold pieces
  1801 | D        | Noticed Harold
  1802 | D        | Noticed Erica
  1817 | D        | Killed Harold
  1827 | D        | Killed Erica
  1827 | D        | Reached skill level 15 in Staves
  1882 | D        | Noticed Joseph
  1892 | D        | Killed Joseph
  2004 | D        | Noticed an eight-headed hydra
  2010 | D        | Noticed an ice dragon
  2010 | D        | Killed an eight-headed hydra
  2010 | D        | Killed an ice dragon
  2013 | D        | Noticed a stone giant
  2018 | D        | Noticed a red very ugly thing
  2020 | D        | Noticed a tengu warrior
  2024 | D        | Killed a stone giant
  2033 | D        | Killed a red very ugly thing
  2042 | D        | Killed a tengu warrior
  2181 | D        | Noticed Snorg
  2202 | D        | Killed Snorg
  2274 | D        | Noticed a merfolk aquamancer
  2275 | D        | Reached XP level 13. HP: 123/123 MP: 23/25
  2481 | D        | Noticed a nagaraja
  2482 | D        | Killed a nagaraja
  2490 | D        | Reached skill level 15 in Fighting
  2599 | D        | Noticed Saint Roka
  2617 | D        | Killed Saint Roka
  2617 | D        | Reached XP level 14. HP: 107/134 MP: 19/27
  2667 | D        | Noticed Donald
  2671 | D        | Killed Donald
  2772 | D        | Noticed a green very ugly thing
  2783 | D        | Noticed a frost giant
  2785 | D        | Killed a green very ugly thing
  2787 | D        | Noticed a frost giant
  2801 | D        | Killed a frost giant
  2807 | D        | Killed a frost giant
  2930 | D        | Paralysed by a wizard for 6 turns
  2937 | D        | Noticed Gloorx Vloq
  2937 | D        | Noticed a sphinx
  2937 | D        | Noticed a stone giant
  2938 | D        | Killed a sphinx
  2941 | D        | Killed a stone giant
  2942 | D        | Noticed an Executioner
  2942 | D        | Noticed an Executioner
  2943 | D        | Killed Gloorx Vloq
  2943 | D        | Reached skill level 15 in Armour
  2943 | D        | Reached skill level 15 in Dodging
  2943 | D        | Reached XP level 15. HP: 142/147 MP: 26/29
  2958 | D        | Noticed a fire giant
  2963 | D        | Noticed a greater mummy
  2963 | D        | Noticed an Orb Guardian
  2964 | D        | Killed a fire giant
  2969 | D        | Killed an Orb Guardian
  2972 | D        | Killed a greater mummy
  3066 | D        | Noticed a vault warden
  3077 | D        | Killed a vault warden
  3378 | D        | Noticed Boris
  3400 | D        | Killed Boris
  3602 | D        | Noticed Louise
  3603 | D        | Killed Louise
  4017 | D        | Noticed Ilsuiw
  4017 | D        | Reached XP level 16. HP: 149/159 MP: 31/31
  4056 | D        | Killed Ilsuiw
  4090 | D        | Got a barnacled rune of Zot
  4297 | D        | Got a gossamer rune of Zot
  4312 | D        | Noticed a nagaraja
  4312 | D        | Noticed a nagaraja
  4312 | D        | Noticed a nagaraja
  4312 | D        | Noticed a nagaraja
  4313 | D        | Killed a nagaraja
  4313 | D        | Killed a nagaraja
  4313 | D        | Killed a nagaraja
  4313 | D        | Killed a nagaraja
  4315 | D        | Noticed a nagaraja
  4319 | D        | Noticed a nagaraja
  4320 | D        | Killed a nagaraja
  4322 | D        | Noticed a nagaraja
  4324 | D        | Killed a nagaraja
  4324 | D        | Killed a nagaraja
  4324 | D        | Killed a nagaraja
  4324 | D        | Killed a nagaraja
  4372 | D        | Got a serpentine rune of Zot
  4437 | D        | Got a decaying rune of Zot
  4504 | D        | Noticed Xtahua
  4516 | D        | Paralysed by Xtahua for 3 turns
  4524 | D        | Killed Xtahua
  4524 | D        | Reached XP level 17. HP: 62/172 MP: 33/33
  4699 | D        | Noticed Mennas
  4700 | D        | Killed Mennas
  4700 | D        | Reached skill level 27 in Invocations
  4726 | D        | Noticed Mara
  4727 | D        | Killed Mara
  4914 | D        | Noticed Sojobo
  4918 | D        | Killed Sojobo
  5360 | D        | Noticed a sphinx
  5361 | D        | Killed a sphinx
  5364 | D        | Noticed a lich
  5368 | D        | Killed a lich
  5368 | D        | Reached XP level 18. HP: 179/188 MP: 27/34
  5387 | D        | Reached skill level 27 in Staves
  5479 | D        | Noticed a quicksilver dragon
  5479 | D        | Noticed a quicksilver dragon
  5480 | D        | Killed a quicksilver dragon
  5485 | D        | Killed a quicksilver dragon
  5527 | D        | Got a silver rune of Zot
  5643 | D        | Got the amulet of Gaaxapn {Dismiss rC+ MR- Int+4}
  5645 | D        | Got the amulet "Kemper" {RegenMP Str+4 Int+4}
  5647 | D        | Got the amulet "Loeder" {Harm *Drain +Inv rC++ Dex+4 Slay-3}
  5649 | D        | Got the ring of Forram {+Fly Dex+3 SInv}
  5651 | D        | Got the ring of the Everdark {rN+++ AC+3 Int-5 Stlth+}
  5833 | D        | Noticed a tentacled monstrosity
  5837 | D        | Killed a tentacled monstrosity
  5900 | D        | Noticed a golden dragon
  5900 | D        | Noticed a bone dragon
  5910 | D        | Killed a bone dragon
  5914 | D        | Killed a golden dragon
  5995 | D        | Noticed an orb of fire
  5995 | D        | Noticed a quicksilver dragon
  5996 | D        | Noticed a tentacled monstrosity
  5997 | D        | Killed a quicksilver dragon
  5998 | D        | Killed an orb of fire
  5998 | D        | Reached XP level 19. HP: 166/206 MP: 27/35
  6015 | D        | Killed a tentacled monstrosity
  6015 | D        | Reached skill level 27 in Fighting
  6094 | D        | Noticed a tentacled monstrosity
  6106 | D        | Killed a tentacled monstrosity
  6208 | D        | Noticed a tentacled monstrosity
  6208 | D        | Noticed a tentacled monstrosity
  6209 | D        | Killed a tentacled monstrosity
  6213 | D        | Killed a tentacled monstrosity
  6376 | D        | Reached skill level 27 in Armour
  6376 | D        | Reached skill level 27 in Dodging
  6376 | D        | Reached skill level 5 in Unarmed Combat
  6386 | D        | Reached skill level 10 in Unarmed Combat
  6415 | D        | Reached skill level 15 in Unarmed Combat
  6415 | D        | Reached XP level 20. HP: 137/216 MP: 36/36
  6460 | D        | Noticed a golden dragon
  6460 | D        | Noticed a golden dragon
  6461 | D        | Killed a golden dragon
  6464 | D        | Killed a golden dragon
  6496 | D        | Noticed an ancient lich
  6496 | D        | Noticed an orb of fire
  6499 | D        | Killed an orb of fire
  6500 | D        | Noticed an electric golem
  6503 | D        | Killed an ancient lich
  6519 | D        | Killed an electric golem
  6625 | D        | Noticed a Killer Klown
  6625 | D        | Noticed an ancient lich
  6625 | D        | Noticed a golden dragon
  6626 | D        | Killed a golden dragon
  6628 | D        | Noticed an orb of fire
  6631 | D        | Noticed an ancient lich
  6632 | D        | Killed an ancient lich
  6632 | D        | Reached skill level 27 in Unarmed Combat
  6632 | D        | Reached skill level 1 in Evocations
  6632 | D        | Killed a Killer Klown
  6632 | D        | Reached skill level 5 in Evocations
  6632 | D        | Killed an orb of fire
  6632 | D        | Reached skill level 10 in Evocations
  6633 | D        | Noticed an orb of fire
  6635 | D        | Noticed an ancient lich
  6636 | D        | Killed an ancient lich
  6636 | D        | Reached skill level 15 in Stealth
  6636 | D        | Killed an ancient lich
  6636 | D        | Reached XP level 21. HP: 221/224 MP: 11/37
  6636 | D        | Killed an orb of fire
  6655 | D        | Noticed a Killer Klown
  6666 | D        | Reached skill level 15 in Evocations
  6669 | D        | Killed a Killer Klown
  6993 | D        | Noticed an ancient lich
  7001 | D        | Killed an ancient lich
  7026 | D        | Paralysed by something for 2 turns
  7286 | D        | Reached skill level 27 in Stealth
  7337 | D        | Got an elven rune of Zot
  7497 | D        | Noticed the Royal Jelly
  7499 | D        | Reached XP level 22. HP: 199/233 MP: 33/38
  7500 | D        | Killed the Royal Jelly
  7532 | D        | Reached skill level 27 in Evocations
  7532 | D        | Reached skill level 1 in Spellcasting
  7538 | D        | Reached skill level 5 in Spellcasting
  7541 | D        | Got a slimy rune of Zot
  7844 | D        | Reached skill level 10 in Spellcasting
  7917 | D        | Reached skill level 15 in Spellcasting
  7922 | D        | Noticed a greater mummy
  7927 | D        | Killed a greater mummy
  8122 | D        | Noticed a greater mummy
  8122 | D        | Noticed a greater mummy
  8122 | D        | Noticed a greater mummy
  8122 | D        | Noticed a greater mummy
  8123 | D        | Lost intelligence.
  8126 | D        | Killed a greater mummy
  8126 | D        | Killed a greater mummy
  8127 | D        | Killed a greater mummy
  8134 | D        | Killed a greater mummy
  8163 | D        | Noticed a greater mummy
  8176 | D        | Killed a greater mummy
  8203 | D        | Got a golden rune of Zot
  8424 | D        | Got an abyssal rune of Zot
  8438 | D        | Killed Maurice
  8567 | D        | Noticed Geryon
  8596 | D        | Killed Geryon
  8596 | D        | Reached XP level 23. HP: 195/240 MP: 49/49
  8655 | D        | Noticed Cerebov
  8655 | D        | Noticed Lom Lobon
  8660 | D        | Noticed Asmodeus
  8675 | D        | Noticed Dispater
  8700 | D        | Killed Cerebov
  8713 | D        | Noticed Ereshkigal
  8723 | D        | Killed Asmodeus
  8752 | D        | Killed from afar by a Brimstone Fiend

Vault maps used:
D:        linesprint

Skill      XL: |  1  2  3  4  5  6  7  8  9 10 11 12 13 14 15 16 17 18 19 20 21 22 23 |
---------------+----------------------------------------------------------------------+-----
Staves         | 3 4 5 6 7 8 9 10 11 13 14 16 18 20 21 23 26 27 | 27.0
Armour         | 1 2 3 4 5 6 7 8 9 10 11 13 15 16 17 20 23 27 | 27.0
Dodging        | 3 4 5 6 7 8 9 11 12 13 15 16 18 20 23 27 | 27.0
Fighting       | 3 4 5 6 7 8 9 11 12 13 15 17 18 20 23 26 27 | 27.0
Invocations    | 4 5 6 8 10 12 14 16 18 20 22 24 26 27 | 27.0
Unarmed Combat | 15 27 | 27.0
Stealth        | 17 27 | 27.0
Evocations     | 13 24 27 | 27.0
Spellcasting   | 23 26 | 26.8
Throwing       | |  1.7

Action                   |  1- 3 |  4- 6 |  7- 9 | 10-12 | 13-15 | 16-18 | 19-21 | 22-24 || total
-------------------------+-------+-------+-------+-------+-------+-------+-------+-------++-------
Melee: Quarterstaff      |    83 |    38 |    70 |   204 |   200 |   305 |       |       ||   900
       Lajatang          |       |       |       |       |       |    18 |   278 |   190 ||   486
Invok: Upheaval          |       |       |     3 |     1 |     1 |     2 |     4 |     2 ||    13
       Disaster Area     |       |       |       |    10 |    23 |    27 |    20 |    22 ||   102
Evoke: Horn of Geryon    |       |       |       |       |       |       |       |     1 ||     1
  Use: Potion            |     3 |       |     1 |       |     3 |       |     1 |    17 ||    25
       Scroll            |       |       |     4 |     1 |     2 |     7 |       |     3 ||    17
 Stab: Invisible         |       |       |     6 |       |       |       |       |     1 ||     7
  Eat: Chunk             |     2 |     6 |     4 |    27 |    26 |    18 |    23 |     4 ||   110
Armor: Leather armour    |    13 |       |       |       |       |       |       |       ||    13
       Scale mail        |       |     5 |     4 |     9 |       |       |       |       ||    18
       Shadow dragon sca |       |       |       |     8 |    33 |    53 |       |       ||    94
       Plate armour      |       |       |       |     5 |       |       |       |       ||     5
       Gold dragon scale |       |       |       |       |       |    13 |    75 |    55 ||   143
Dodge: Dodged            |    64 |    16 |    27 |    44 |    69 |    82 |    87 |    94 ||   483
       Deflected         |       |       |       |     5 |     7 |     5 |     3 |     2 ||    22
Block: Other             |       |     1 |     8 |    24 |    33 |    56 |    41 |    41 ||   204
